 Dungeon Crawl Stone Soup version 0.28.0-62-gf88900778d (webtiles) character file.

Game seed: 8723623564926083503

3 infinitevox the Ducker (level 1, 0/13 HPs)
             Began as a Demonspawn Wanderer on May 2, 2023.
             Slain by a jackal (3 damage)
             ... on level 1 of the Dungeon.
             The game lasted 00:01:32 (238 turns).

infinitevox the Ducker (Demonspawn Wanderer)         Turns: 238, Time: 00:01:33

Health: 0/13       AC:  3    Str: 10    XL:     1   Next: 41%
Magic:  0/2        EV: 12    Int: 15    God:
Gold:   16         SH:  6    Dex: 12    Spells: 1/2 levels left

rFire   . . .      SeeInvis .   a - +0 dagger
rCold   . . .      Faith    .   d - +2 buckler
rNeg    . . .      Spirit   .   c - +0 robe
rPois   .          Reflect  .   (no helmet)
rElec   .          Harm     .   (no cloak)
rCorr   .          Rampage  .   b - +0 pair of gloves
Will    .....                   (no boots)
Stlth   +.........              (no amulet)
HPRegen 0.04/turn               (no ring)
MPRegen 0.08/turn               (no ring)

@: brilliant
A: no striking features
a: no special abilities


You were on level 1 of the Dungeon.
You visited 1 branch of the dungeon, and saw 1 of its levels.

You collected 16 gold pieces.

Inventory:

Hand Weapons
 a - a +0 dagger (weapon)
Armour
 b - a +0 pair of gloves (worn)
 c - a +0 robe (worn)
 d - a +2 buckler (worn)


   Skills:
 - Level 2.0 Armour
 + Level 2.8 Dodging
 + Level 2.7 Shields
 - Level 1.0 Spellcasting
 + Level 1.0 Poison Magic


You had one spell level left.
You knew the following spells:

 Your Spells              Type           Power      Damage    Failure   Level
a - Sting                 Tmut/Pois      12%        1d3       26%         1

Your spell library contained the following spells:

 Spells                   Type           Power      Damage    Failure   Level
 Mephitic Cloud           Conj/Pois/Air  2%         N/A       63%         3


Dungeon Overview and Level Annotations

Branches:
Dungeon (1/15)

Altars:


Message History

You block the jackal's attack.
A jackal comes into view.
The jackal closely misses you.
Your magical contamination has completely faded away.
You closely miss the jackal.
The jackal is severely wounded.
You block the jackal's attack. The jackal closely misses you.
The jackal barks!
You hit the jackal.
The jackal is almost dead.
The jackal barely misses you.
You closely miss the jackal.
The jackal is almost dead.
The jackal closely misses you.
You hit the jackal.
You kill the jackal!
Training target 2.0 for Armour reached!
Your Armour skill increases to level 2!
You closely miss the jackal. The jackal bites you.
The jackal closely misses you.
You closely miss the jackal. You block the jackal's attack.
Casting: Sting (safe; 26% risk of failure)
Confirm with . or Enter, or press ? or * to list all spells.
Aiming: Sting (safe; 26% risk of failure)
Press: ? - help, Shift-Dir - straight line, f/p - jackal
Aim: a jackal (55% to hit)
The sting misses the jackal.
The sting hits the jackal but does no damage.
The jackal is poisoned.
You block the jackal's attack. The jackal bites you.
You hit the jackal.
The jackal is almost dead.
The jackal bites you.
* * * LOW HITPOINT WARNING * * *
It was a potion of brilliance.
You feel clever all of a sudden. You block the jackal's attack.
You hit the jackal but do no damage.
The jackal is almost dead.
The jackal closely misses you. The jackal bites you.
You die...

..h...... ##
..S.#.# . ...#.# #
#...# # #...# #
#h# # #h# # #h#
################@#
.................#
##################
# # # # # #


You could see 3 jackals.

Vanquished Creatures
  A jackal (D:1)
  A ball python (D:1)
  A kobold (D:1)
  A rat (D:1)
4 creatures vanquished.

Notes
Turn   | Place    | Note
-------+----------+-------------------------------------------
     0 | D:1      | infinitevox the Demonspawn Wanderer began the quest for the
                  | Orb.
     0 | D:1      | infinitevox set off with the following items: a +0 dagger,
                  | a +0 pair of gloves, a +0 robe, a +2 buckler; and the
                  | following spell memorised: Sting; and the following spells
                  | available to memorise: Mephitic Cloud
     0 | D:1      | Reached XP level 1. HP: 13/13 MP: 2/2
   215 | D:1      | Noticed an eye of devastation
   238 | D:1      | Slain by a jackal

Illustrated notes

Levels and vault maps discovered:
D:1:      saegor_arrival_fortress, layout_basic,
          hellmonk_ecumenical_altar_watching_god, fountainhead,
          grunt_decor_fettered

Skill      XL: |  1 |
---------------+----+-----
Armour         | 2 |  2.0
Dodging        | |  2.8
Shields        | |  2.7
Spellcasting   | |  1.0
Poison Magic   | |  1.0

Action                   || total
-------------------------++-------
Melee: Dagger            ||    18
 Cast: Sting             ||     4
  Use: Potion            ||     1
Armor: Robe              ||     2
Dodge: Dodged            ||    11
Block: Buckler           ||     7
